details: 'presidents got to stick together'

« prev index next »

General information

Mini Map

Players

team 1
NightElfmyohorengekyo (pink | 58 APM | 1478 actions | 25:37)
Hero icon 4 Demon Hunter
Ability icon 2 Evasion
Ability icon 2 Mana Burn
Hero icon 5 Priestess of the Moon
Ability icon 3 Searing Arrows
Ability icon 2 Trueshot Aura

» actions
Assign group hotkey21
Basic commands3
Build / train69
Enter build submenu21
Enter hero's abilities submenu9
Remove unit from queue3
Right click618
Select / deselect355
Select group hotkey280
Use ability99
1478 total
» units
Wisp22
Druid of the Claw10
Dryad7
39 total
» upgrades
Druid of the Claw Training2
Reinforced Hides3
Strength of the Wild3
Mark of the Claw1
9 total
» buildings
Altar of Elders2
Moon Well11
Ancient of War1
Tree of Ages1
Hunter's Hall1
Tree of Life2
Ancient of Lore2
Tree of Eternity1
Ancient Protector4
25 total
» build order
00:23 Altar of Elders
00:25 Moon Well
00:30 Ancient of War
03:27 Tree of Ages
03:31 Hunter's Hall
03:34 Moon Well
04:04 Tree of Life
05:49 Ancient of Lore
05:51 Ancient of Lore
06:41 Tree of Eternity
08:07 Moon Well
08:08 Moon Well
08:10 Moon Well
08:11 Moon Well
19:02 Moon Well
19:03 Moon Well
21:06 Moon Well
21:12 Moon Well
21:46 Tree of Life
21:53 Ancient Protector
21:54 Ancient Protector
21:55 Ancient Protector
22:01 Ancient Protector
23:54 Altar of Elders
25:15 Moon Well
» items
Scroll of Town Portal1
Orb of Lightning1
2 total
Orcgr0vercleveland (green | 57 APM | 1848 actions | 32:15)
Hero icon 10 Blademaster
Ability icon 3 Wind Walk
Ability icon 3 Critical Strike
Ability icon 1 Bladestorm
Ability icon 3 Mirror Image

» actions
Assign group hotkey67
Basic commands92
Build / train62
Enter build submenu18
Enter hero's abilities submenu10
Give item / drop item4
Right click715
Select / deselect217
Select group hotkey565
Use ability98
1848 total
» units
Peon14
Goblin Shredder5
Wind Rider8
27 total
» upgrades
Ranged Weapons3
Reinforced Defenses1
Envenomed Spears1
Armor3
8 total
» buildings
Altar of Storms1
Orc Burrow6
Voodoo Lounge1
War Mill1
Stronghold2
Watch Tower20
Beastiary3
Fortress1
35 total
» build order
00:12 Altar of Storms
00:20 Orc Burrow
00:47 Voodoo Lounge
01:14 War Mill
02:01 Orc Burrow
02:44 Stronghold
02:44 Stronghold
04:07 Watch Tower
04:08 Watch Tower
05:15 Beastiary
05:17 Beastiary
05:22 Beastiary
05:59 Watch Tower
06:00 Watch Tower
06:02 Watch Tower
06:26 Fortress
06:33 Orc Burrow
06:36 Orc Burrow
07:33 Watch Tower
07:33 Watch Tower
07:35 Watch Tower
10:22 Watch Tower
10:23 Watch Tower
10:24 Watch Tower
10:25 Watch Tower
10:26 Watch Tower
10:26 Watch Tower
10:27 Watch Tower
11:50 Watch Tower
11:51 Watch Tower
11:52 Watch Tower
11:55 Watch Tower
12:01 Watch Tower
14:15 Orc Burrow
14:15 Orc Burrow
» items
Healing Salve3
Lesser Clarity Potion2
Tiny Great Hall1
Orb of Lightning1
Scroll of Town Portal1
8 total
HumanElements_ (blue | 40 APM | 617 actions | 15:31)
Hero icon 4 Blood Mage
Ability icon 2 Flame Strike
Ability icon 2 Siphon Mana

» actions
Basic commands62
Build / train67
Enter build submenu15
Enter hero's abilities submenu4
Remove unit from queue1
Right click209
Select / deselect185
Use ability74
617 total
» units
Peasant11
Mortar Team29
40 total
» upgrades
Gunpowder3
Armor3
Lumber Harvesting1
Flare1
Fragmentation Shards1
9 total
» buildings
Farm7
Lumber Mill1
Altar of Kings1
Scout Tower1
Arcane Tower1
Blacksmith1
Keep3
Castle1
Workshop3
Arcane Vault1
20 total
» build order
00:23 Farm
00:39 Lumber Mill
00:59 Farm
01:35 Altar of Kings
01:45 Scout Tower
02:19 Arcane Tower
02:41 Blacksmith
02:51 Keep
02:51 Keep
02:51 Keep
03:02 Farm
03:43 Farm
03:57 Farm
04:26 Farm
04:36 Farm
05:16 Castle
05:17 Workshop
05:19 Workshop
05:21 Workshop
09:45 Arcane Vault
» items
Scroll of Regeneration1
1 total
NightElfCum_stain (purple | 22 APM | 387 actions | 17:23)
Hero icon 3 Priestess of the Moon
Ability icon 2 Trueshot Aura
Ability icon 1 Searing Arrows

» actions
Basic commands1
Build / train39
Enter build submenu22
Enter hero's abilities submenu3
Right click124
Select / deselect169
Use ability29
387 total
» units
Wisp13
Archer15
Hippogryph3
31 total
» upgrades
Strength of the Moon1
Improved Bows1
2 total
» buildings
Ancient of War2
Altar of Elders1
Moon Well12
Tree of Ages1
Hunter's Hall1
Ancient of Wind2
Ancient of Lore1
Tree of Eternity1
21 total
» build order
00:23 Ancient of War
00:38 Altar of Elders
00:52 Moon Well
01:49 Moon Well
02:41 Moon Well
02:49 Ancient of War
03:04 Moon Well
06:15 Tree of Ages
07:09 Moon Well
07:14 Moon Well
07:18 Moon Well
07:26 Hunter's Hall
09:43 Ancient of Wind
09:54 Ancient of Wind
10:14 Ancient of Lore
10:20 Tree of Eternity
12:04 Moon Well
12:09 Moon Well
12:12 Moon Well
13:42 Moon Well
15:48 Moon Well
team 2
UndeadDreadScythe (yellow | 55 APM | 15 actions | 00:16)

» actions
Build / train2
Enter build submenu2
Right click4
Select / deselect5
Use ability2
15 total
» units
Acolyte2
2 total
» buildings
Altar of Darkness1
Ziggurat1
2 total
» build order
00:06 Altar of Darkness
00:08 Ziggurat
HumanGeorgeBush (red | 91 APM | 2942 actions | 32:16)
Hero icon 8 Blood Mage
Ability icon 3 Flame Strike
Ability icon 3 Siphon Mana
Ability icon 1 Summon Phoenix
Ability icon 1 Banish
Hero icon 1 Crypt Lord
Ability icon 1 Carrion Beetles

» actions
Assign group hotkey110
Basic commands158
Build / train227
ESC pressed11
Enter build submenu46
Enter hero's abilities submenu9
Remove unit from queue1
Right click953
Select / deselect424
Select group hotkey838
Use ability165
2942 total
» units
Peasant21
Footman6
Goblin Shredder10
Goblin Zeppelin2
Goblin Sapper16
Mortar Team11
Sorceress9
Crypt Fiend4
Priest1
Siege Engine1
81 total
» upgrades
Masonry3
Lumber Harvesting2
Defend1
Swords1
Sorceress Training2
Magic Sentry1
Creature Attack1
Creature Carapace2
Fragmentation Shards1
Backpack1
Gunpowder3
Armor3
Flare1
Barrage1
Priest Training2
Plating2
Control Magic1
Animal War Training1
Long Rifles1
30 total
» buildings
Altar of Kings1
Barracks1
Farm9
Arcane Vault2
Ziggurat1
Nerubian Tower5
Lumber Mill1
Town Hall2
Keep1
Blacksmith2
Scout Tower18
Guard Tower28
Arcane Tower2
Castle4
Arcane Sanctum1
Workshop2
Black Citadel5
Tomb of Relics1
86 total
» build order
00:59 Altar of Kings
01:00 Barracks
01:01 Farm
01:08 Farm
01:48 Farm
02:28 Farm
02:30 Arcane Vault
03:31 Ziggurat
03:32 Nerubian Tower
03:33 Nerubian Tower
03:52 Lumber Mill
04:41 Town Hall
04:56 Farm
05:42 Keep
05:48 Nerubian Tower
07:02 Blacksmith
07:03 Scout Tower
07:05 Scout Tower
07:27 Scout Tower
07:30 Scout Tower
07:33 Scout Tower
07:40 Guard Tower
07:40 Guard Tower
07:40 Guard Tower
07:41 Guard Tower
07:45 Scout Tower
07:46 Scout Tower
08:01 Guard Tower
08:01 Arcane Tower
08:01 Arcane Tower
08:07 Castle
08:07 Castle
08:07 Castle
08:19 Guard Tower
08:19 Guard Tower
08:27 Scout Tower
08:28 Scout Tower
08:28 Scout Tower
08:28 Scout Tower
08:29 Scout Tower
08:36 Scout Tower
08:57 Guard Tower
08:57 Guard Tower
08:58 Guard Tower
09:26 Guard Tower
09:27 Guard Tower
09:27 Guard Tower
09:27 Guard Tower
09:58 Arcane Sanctum
10:15 Workshop
10:16 Workshop
15:19 Arcane Vault
16:38 Farm
16:40 Farm
17:38 Blacksmith
20:03 Farm
20:09 Farm
21:13 Black Citadel
21:13 Black Citadel
21:14 Black Citadel
21:22 Tomb of Relics
24:18 Scout Tower
24:19 Scout Tower
24:21 Scout Tower
24:22 Scout Tower
24:26 Scout Tower
25:03 Guard Tower
25:03 Guard Tower
25:04 Guard Tower
25:04 Guard Tower
26:15 Town Hall
» items
Scroll of Regeneration2
Mechanical Critter6
Lesser Clarity Potion1
Potion of Healing1
Potion of Mana1
11 total
HumanVanBuren (teal | 59 APM | 1905 actions | 32:15)
Hero icon 9 Archmage
Ability icon 3 Summon Water Elemental
Ability icon 3 Brilliance Aura
Ability icon 1 Mass Teleport
Ability icon 2 Blizzard

» actions
Assign group hotkey55
Basic commands135
Build / train91
Enter build submenu35
Enter hero's abilities submenu10
Give item / drop item4
Remove unit from queue9
Right click719
Select / deselect432
Select group hotkey136
Use ability279
1905 total
» units
Peasant12
Footman4
Goblin Shredder1
Goblin Zeppelin1
Gryphon Rider11
Goblin Sapper1
30 total
» upgrades
Masonry3
Storm Hammers1
Swords3
Animal War Training1
Armor3
Magic Sentry1
12 total
» buildings
Altar of Kings1
Barracks1
Farm8
Keep1
Arcane Vault1
Lumber Mill1
Castle1
Town Hall2
Scout Tower12
Guard Tower7
Gryphon Aviary4
Blacksmith2
Arcane Sanctum1
42 total
» build order
00:41 Altar of Kings
00:43 Barracks
00:52 Farm
01:05 Farm
01:06 Farm
01:46 Farm
03:24 Keep
04:05 Arcane Vault
04:07 Lumber Mill
04:17 Farm
06:26 Castle
07:14 Town Hall
07:18 Scout Tower
07:18 Scout Tower
07:19 Scout Tower
07:20 Scout Tower
07:20 Scout Tower
07:21 Scout Tower
07:51 Guard Tower
08:29 Scout Tower
08:30 Scout Tower
08:30 Scout Tower
08:40 Guard Tower
08:54 Scout Tower
08:54 Scout Tower
08:55 Scout Tower
09:13 Town Hall
09:45 Guard Tower
09:50 Gryphon Aviary
09:50 Gryphon Aviary
09:50 Gryphon Aviary
09:51 Gryphon Aviary
09:56 Blacksmith
09:57 Blacksmith
10:01 Arcane Sanctum
10:03 Guard Tower
20:47 Farm
20:48 Farm
20:50 Farm
23:03 Guard Tower
23:07 Guard Tower
23:19 Guard Tower
» items
Scroll of Regeneration6
Scroll of Town Portal1
Potion of Healing3
Mechanical Critter2
Ivory Tower4
Potion of Mana1
Lesser Clarity Potion1
18 total
NightElfECDoi (orange | 30 APM | 968 actions | 32:15)
Hero icon 2 Crypt Lord
Ability icon 1 Carrion Beetles
Ability icon 1 Impale
Hero icon 4 Priestess of the Moon
Ability icon 2 Trueshot Aura
Ability icon 2 Searing Arrows
Hero icon 1 Keeper of the Grove
Ability icon 1 Entangling Roots

» actions
Assign group hotkey17
Build / train93
Enter build submenu33
Enter hero's abilities submenu7
Remove unit from queue3
Right click376
Select / deselect329
Select group hotkey41
Use ability68
968 total
» units
Wisp14
Archer7
Ghoul2
Crypt Fiend8
Dryad20
Druid of the Talon11
62 total
» upgrades
Creature Attack1
Strength of the Wild3
Reinforced Hides2
Abolish Magic1
Web1
Burrow1
Druid of the Talon Training2
Mark of the Talon1
Corrosive Breath1
13 total
» buildings
Altar of Elders2
Moon Well7
Ancient of War2
Crypt3
Graveyard1
Tree of Ages1
Hunter's Hall1
Halls of the Dead1
Ziggurat15
Spirit Tower3
Ancient of Lore2
Ancient of Wind1
Tree of Eternity1
Chimaera Roost1
Ancient Protector1
42 total
» build order
00:20 Altar of Elders
00:31 Moon Well
00:47 Ancient of War
01:03 Crypt
01:08 Crypt
01:13 Crypt
02:13 Moon Well
02:57 Graveyard
03:11 Ancient of War
03:59 Tree of Ages
04:34 Hunter's Hall
04:40 Moon Well
04:52 Halls of the Dead
05:23 Ziggurat
05:26 Ziggurat
05:39 Ziggurat
05:42 Ziggurat
05:49 Spirit Tower
06:37 Ancient of Lore
06:47 Ancient of Lore
07:15 Ancient of Wind
08:11 Spirit Tower
09:51 Moon Well
14:12 Tree of Eternity
15:46 Moon Well
16:46 Moon Well
18:26 Moon Well
19:33 Chimaera Roost
21:43 Ziggurat
21:48 Ziggurat
21:50 Ziggurat
21:51 Ziggurat
21:53 Ziggurat
21:54 Ziggurat
21:55 Ziggurat
22:00 Ziggurat
22:03 Ziggurat
22:05 Ziggurat
22:10 Ziggurat
23:32 Altar of Elders
23:48 Spirit Tower
24:59 Ancient Protector

Chat log

(00:02 / Allies) DreadScythe: RUSH
(00:08 / Allies) GeorgeBush: Shut the fuck up
(00:14 / Allies) DreadScythe: bye
(00:22 / Allies) GeorgeBush: all he could do is rush
(00:27 / Allies) VanBuren: you got him orange?
(00:28 / Allies) GeorgeBush: Better off without his dumbass
(00:35 / Allies) VanBuren: Orange you got him
(00:55 / Allies) ECDoi: k
(01:03 / All) Cum_stain: gg
(01:26 / All) GeorgeBush: Did your stupid whore mouth really just foolishly say the game is over?
(01:43 / All) Cum_stain: It kinda is
(01:57 / All) GeorgeBush: I'm sure it is with how bad your team likely is
(02:02 / All) GeorgeBush: YOu should leave already
(02:06 / All) GeorgeBush: you 129-143 faggot
(02:11 / All) Cum_stain: nice try bush faggot
(02:14 / All) Elements_: red, are you senior or junior? big or the little one?????
(02:19 / All) GeorgeBush: Two for the price of one
(02:20 / All) GeorgeBush: I'm both
(02:24 / All) Elements_: hahahah
(02:32 / All) Cum_stain: red which base is yours ill fuck u up first
(02:41 / All) GeorgeBush: You couldn't if you wanted to since you suck
(02:47 / All) VanBuren: Not a fan of the Bushes I take it?
(02:56 / All) Cum_stain: then which base is it
(03:03 / All) GeorgeBush: They were the greatest presidents to ever grace the USA
(03:05 / All) GeorgeBush: Top right
(03:08 / All) GeorgeBush: outside
(03:29 / Allies) ECDoi: god damn i got zoned on focusing yellow.. wont be ready for big rush

(09:20 / All) GeorgeBush: out
(09:32 / All) GeorgeBush: I told you
(09:47 / All) Cum_stain: told me what
(09:50 / All) GeorgeBush: You already lost
(09:55 / All) GeorgeBush: The stakes are rigged
(10:01 / All) Cum_stain: lol grats u killed 5 of my archers
(10:05 / All) GeorgeBush: Thanks
(10:05 / All) Cum_stain: u can keep them

(11:26 / All) GeorgeBush: watch that food block
(11:59 / All) Cum_stain: pussy
(12:00 / All) GeorgeBush: Good luck rebuilding

(14:46 / All) Elements_: green bsing, playing on your side
(14:51 / All) GeorgeBush: I told you it was rigged
(14:53 / All) GeorgeBush: You didn't listen
(15:07 / All) Elements_: green is a fag faced kid

(17:54 / Allies) ECDoi: teal use gold?
(18:03 / Allies) VanBuren: Good tip
(18:07 / Allies) VanBuren: Thanks for sharing
(18:11 / Allies) ECDoi: ha

(20:14 / All) VanBuren: awwww bullshit
(20:28 / All) VanBuren: I need to start tping 3 seconds before I need to
(20:33 / All) GeorgeBush: or use latency hack

(23:32 / All) gr0vercleveland: yes
(23:38 / All) GeorgeBush: I thought he left lawl
(23:50 / All) GeorgeBush: No big deal replacing my army I suppose I have 8k
(24:12 / Allies) GeorgeBush: There

(26:32 / Allies) ECDoi: why do that to yelloW?
(26:51 / Allies) VanBuren: Time for you to lose, sir
(27:48 / Allies) ECDoi: you must be full reet huh?
(28:39 / Allies) ECDoi: i am so confused
(28:49 / All) VanBuren: Party lines may be one thing, sir
(28:51 / Allies) ECDoi: reminding me of the thrones episode tonight
(28:58 / All) VanBuren: But us US Presidents stick together, through thick and thin